AoeStats
← MengeZ0_

MegaRandom

504807499Analyzed
2v2 RM · 27d ago on Sep 6, 2026· 41m 47s· 4 players
Game mode
Random Map
Map size
Medium (4 player)
Population
200
Speed
Normal
Resources
Standard
Victory
Conquest
Starting age
Dark Age
Ending age
Imperial Age
RankedLock teamsTeams togetherTeam positionsShared explorationLock speedFull tech treeHidden civsTurbo modeCheats
Victory
Defeat
🇩🇪 Mongols · Germany
809
+15
🇩🇪 Slavs · Germany
794
+15
🇳🇱 Vietnamese · Netherlands
787
-15
🇳🇱 Burgundians · Netherlands
775
-15
YTxTrippie20
4:34 Loom
11:46 Feudal Age
12:33 Double-Bit Axe
25:41 Castle Age
26:11 Forging
28:01 Iron Casting
28:05 Elite Skirmisher
30:33 Stone Mining
35:43 Fletching
36:00 Padded Archer Armor
39:30 Wheelbarrow
43:01 Imperial Age
Steem0597
0:30 Loom
12:12 Feudal Age
11:37 Double-Bit Axe
18:31 Castle Age
19:08 Cavalier
19:51 Husbandry
39:25 Horse Collar
43:11 Imperial Age
David Ygra
3:40 Loom
11:54 Feudal Age
11:59 Man-at-Arms
14:19 Wheelbarrow
14:49 Horse Collar
14:58 Double-Bit Axe
19:09 Town Watch
22:57 Castle Age
22:41 Forging
22:33 Scale Mail Armor
22:25 Fletching
23:30 Pikeman
24:14 Squires
30:12 Long Swordsman
31:33 Iron Casting
35:07 Chain Mail Armor
37:59 Imperial Age
39:02 Detinets
39:07 Druzhina
39:28 Conscription
42:17 Hand Cart
MengeZ0_
7:17 Loom
9:18 Feudal Age
10:20 Double-Bit Axe
13:56 Fletching
19:14 Castle Age
18:33 Padded Archer Armor
18:45 Forging
19:18 Crossbowman
22:32 Bodkin Arrow
22:59 Pikeman
29:57 Wheelbarrow
29:15 Horse Collar
30:56 Bow Saw
30:41 Gold Mining
33:25 Gold Shaft Mining
37:12 Imperial Age
35:21 Leather Archer Armor
35:15 Scale Barding Armor
36:39 Hand Cart
36:10 Town Watch
39:57 Ballistics
40:38 Chemistry
40:37 Bracer
41:13 Iron Casting
40:59 Chain Barding Armor
41:05 Stone Mining
Connection lost

Rejoining the realm…

Still unreachable

The connection could not be restored.

Session expired

The server has moved on; the page needs a fresh start.